 Dungeon Crawl Stone Soup version 0.26.1-11-gd32895ea62 (webtiles) character file.

Game seed: 11798469456935347352

70062 buriedalive the Fighter (level 14, -9/98 HPs)
             Began as a Deep Elf Ice Elementalist on June 12, 2021.
             Was a High Priest of Ashenzari.
             Mangled by a death yak (10 damage)
             ... while petrified by a catoblepas
             ... on level 6 of the Lair of Beasts.
             The game lasted 01:28:07 (31957 turns).

buriedalive the Fighter (DEIE)                     Turns: 31957, Time: 01:28:08

Health: -9/98      AC: 17    Str:  9    XL:     14   Next: 92%
Magic:  36/37      EV:  2    Int: 29    God:    Ashenzari [*****.]
Gold:   517        SH:  0    Dex: 16    Spells: 2/29 levels left

rFire    x . .     SeeInvis +   b - staff of cold
rCold    + + +     Faith    .   (no shield)
rNeg     + + +     Spirit   .   e - +5 leather armour of Restlessness {rC+ rCorr Int+4} (curse)
rPois    ∞         Reflect  .   (helmet restricted)
rElec    .         Harm     .   Z - +1 cloak (curse)
rCorr    +         Rampage  .   y - +2 pair of gloves (curse)
Will     ++...     Clarity  +   d - +2 pair of boots (curse)
Stlth    +++.......             G - amulet of magic regeneration (curse)
HPRegen  0.26/turn              Q - ring of ice (curse)
MPRegen  0.50/turn              s - ring "Ceeddiphi" {Will+ MP+9 Str+4} (curse)

@: petrified
A: horns 1, rugged brown scales 1, slimy green scales 1, deformed body, poison
resistance
a: Renounce Religion, Curse Item, Scrying, Transfer Knowledge


You were on level 6 of the Lair of Beasts.
You worshipped Ashenzari.
Ashenzari was extremely pleased with you.
You visited 3 branches of the dungeon, and saw 20 of its levels.
You also visited: Ossuary, Bailey and Ice Cave.

You collected 1136 gold pieces.
You spent 619 gold pieces at shops.

Inventory:

Hand Weapons
 a - a +6 short sword of electrocution
 C - a +6 long sword of venom
 R - a +2 scimitar of pain
Missiles
 m - 41 stones
 r - 7 curare-tipped darts (quivered)
 H - 13 atropa-tipped darts
 O - 69 poisoned darts
 U - 74 boomerangs
Armour
 d - a cursed +2 pair of boots (worn)
 e - the cursed +5 leather armour of Restlessness (worn) {rC+ rCorr Int+4}
   (You found it in an ice cave)

   It affects your intelligence (+4).
   It protects you from cold.
   It provides partial protection from all sources of acid and corrosion.
   It has a curse placed upon it.
 j - a +2 robe of fire resistance
 y - a cursed +2 pair of gloves (worn)
 Z - a cursed +1 cloak (worn)
Magical Staves
 b - an uncursed staff of cold (weapon)
Jewellery
 c - an uncursed ring of flight
 q - a +6 ring of intelligence
 s - the cursed ring "Ceeddiphi" (right hand) {Will+ MP+9 Str+4}
   (You acquired it on level 5 of the Lair of Beasts)

   [ring of willpower]

   It affects your strength (+4).
   It affects your willpower, your defense against some magical effects.
   It affects your magic capacity (+9).
   It has a curse placed upon it.
 u - an uncursed ring of resist corrosion
 v - an uncursed amulet of reflection
 G - a cursed amulet of magic regeneration (around neck)
 M - an uncursed ring of protection from cold
 Q - a cursed ring of ice (left hand)
 X - an uncursed amulet of the acrobat
Wands
 n - a wand of digging (12)
 B - a wand of disintegration (11)
 E - a wand of flame (19)
 K - a wand of enslavement (5)
 P - a wand of iceblast (42)
 Y - a wand of acid (3)
Scrolls
 f - 2 scrolls of fear
 g - a scroll of silence
 i - 8 scrolls of fog
 k - 2 scrolls of identify
 x - 6 scrolls of teleportation
 J - 5 scrolls of amnesia
 N - 4 scrolls of blinking
 S - a scroll of summoning
Potions
 h - 7 potions of curing
 l - 5 potions of magic
 o - 3 potions of haste
 p - 8 potions of heal wounds
 t - 8 potions of brilliance
 w - 5 potions of flight
 z - a potion of experience
 D - 8 potions of ambrosia
 F - a potion of invisibility
 I - a potion of resistance
 L - a potion of cancellation
 T - 5 potions of mutation
 V - a potion of might
Miscellaneous
 A - a lightning rod (4/4)


   Skills:
 + Level 14.4 Fighting
 + Level 1.7 Armour
 - Level 13.6(15.9) Dodging
 - Level 2.4(4.5) Stealth
 - Level 8.0 Spellcasting
 - Level 5.6(9.6) Conjurations
 - Level 6.0(10.0) Summonings
 - Level 11.0(14.7) Necromancy
 - Level 11.1(14.8) Ice Magic


You had 2 spell levels left.
You knew the following spells:

 Your Spells              Type           Power        Failure   Level
a - Freeze                Ice            100%         0%          1
b - Frozen Ramparts       Ice            100%         1%          3
c - Ozocubu's Armour      Ice            100%         1%          3
d - Summon Ice Beast      Ice/Summ       100%         1%          4
e - Animate Dead          Necr           38%          1%          4
f - Agony                 Necr           77%          1%          5
g - Hailstorm             Conj/Ice       100%         1%          4
h - Vampiric Draining     Necr           38%          1%          3

Your spell library contained the following spells:

 Spells                   Type           Power        Failure   Level
 Animate Skeleton         Necr           100%         0%          1
 Pain                     Necr           100%         0%          1
 Summon Small Mammal      Summ           100%         1%          1
 Call Imp                 Summ           63%          1%          2
 Call Canine Familiar     Summ           63%          1%          3
 Summon Guardian Golem    Hex/Summ       42%          2%          3
 Summon Lightning Spire   Summ/Air       42%          7%          4


Dungeon Overview and Level Annotations

Branches:
Dungeon (13/15)            Temple (1/1) D:4            Lair (6/6) D:10
  Swamp (0/4) Lair:3        Snake (0/4) Lair:4        Slime (0/5) Lair:6
    Orc (0/2) D:12        Ossuary (visited)          Bailey (visited)
  IceCv (visited)
 Vaults: D:13-14

Altars:
Ashenzari
Cheibriados
Dithmenos
Elyvilon
Fedhas
Gozag
Hepliaklqana
Kikubaaqudgha
Makhleb
Nemelex Xobeh
Okawaru
Qazlal
Ru
Sif Muna
Trog
Uskayaw
Vehumet
Wu Jian
Xom
Yredelemnul
Zin
The Shining One
Beogh
Jiyva

Shops:
D:4 [   D:6 =   D:7 !   D:8 *   D:12 :

Annotations:
D:12 1 runed translucent door, Eryximachus's ghost, journeyman OpEE
Lair:1 exclusion: oklob plant
Lair:3 exclusion: ice statue


Innate Abilities, Weirdness & Mutations

You have a pair of small horns on your head.
You are partially covered in rugged brown scales. (AC +1, +3% HP)
You are partially covered in slimy green scales. (AC +2)
Armour fits poorly on your strangely shaped body.
Your system is resistant to poisons. (rPois)


Message History

* * * LOW HITPOINT WARNING * * *
Your death yak skeleton is engulfed in calcifying dust.
Your ice beast hits the catoblepas but does no damage.
The catoblepas breathes a plume of calcifying dust at you.
The blast of calcifying dust hits you but does no damage.
The death yak barely misses you. The death yak gores you!
* * * LOW HITPOINT WARNING * * *
Your ice beast hits the catoblepas.
Your ice beast freezes the catoblepas!!
You are engulfed in calcifying dust.
Your death yak skeleton is no longer petrified.
The catoblepas gores you.
* * * LOW HITPOINT WARNING * * *
The death yak gores you but does no damage.
The death yak gores you!!
* * * LOW HITPOINT WARNING * * *
Your ice beast hits the catoblepas but does no damage.
You are engulfed in calcifying dust.
The catoblepas gores you but does no damage.
The death yak gores you!!
You die...

#.## **∆∆ ##...P#
#.# *∆∆ 8 #....#
#.♣#*∆∆ , ∆, ##...#
...# ∆ ,,,,, ,#...#
P..#∆, ∆ , ,##.Z#
...## ∆,8 *{,∆ #..##
....# , ,** ..∆#...#
....# .,* ##.,#...#
....#,....##...#@YY#
....## 8YY#....#YY.#
#...P#{.......##..##
##...###.Y....#..##
##.....###....#.##
.##P.....##.....##
..##......##.....#
#..###.........P.#
#### ########...##


You could see 2 death yaks, a catoblepas, a friendly ice beast (summoned) and a
friendly death yak skeleton.

Vanquished Creatures
  Kirke (Lair:5)
  Harold (D:9)
  7 hydras
  An ice dragon (Lair:3)
  4 two-headed ogres
  Sonja (Lair:5)
  An unseen horror (D:8)
  A necromancer (IceCv)
  Pikel (D:7)
  An orc knight (Bailey)
  An ice statue (IceCv)
  17 elephants
  8 cane toads
  2 black mambas
  A centaur zombie (D:12)
  A torpor snail (Lair:5)
  2 gargoyles (D:12)
  Maggie (D:9)
  2 rime drakes (Lair:6)
  A kobold demonologist (D:11)
  6 komodo dragons
  8 ice devils (IceCv)
  A troll (D:12)
  A polar bear (Lair:3)
  2 hornets (D:11)
  13 dream sheep
  15 blink frogs
  Eustachio (D:6)
  A wraith (Ossuary)
  A vampire (D:10)
  7 wyverns
  3 basilisks
  35 yaks
  A hog (Lair:4)
  Grum (D:8)
  2 nagas (Lair:4)
  Duvessa (D:6)
  12 water moccasins
  8 orc warriors
  10 ice beasts
  A sky beast (D:9)
  2 black bears
  2 phantoms
  A necrophage (D:12)
  27 wolves
  4 ogres
  6 centaurs
  A lemure (D:7)
  An elf zombie (Ossuary)
  8 big kobolds (D:11)
  19 bullfrogs
  A gnoll sergeant (D:5)
  A water moccasin zombie (D:9)
  Dowan (D:6)
  3 scorpions (D:7)
  27 killer bees
  7 howler monkeys
  2 bullfrog zombies
  3 hounds
  2 jellies
  11 orc priests
  A centaur skeleton (D:8)
  2 bullfrog skeletons
  18 orc wizards
  A human zombie (Ossuary)
  6 iguanas
  A spriggan simulacrum (IceCv)
  4 worker ants
  13 hell rats
  3 troll simulacra (IceCv)
  2 ogre zombies (D:6)
  4 centaur simulacra (IceCv)
  A hound zombie (D:9)
  2 hound skeletons (D:4)
  3 mummies (Ossuary)
  Robin (D:2)
  2 worker ant zombies
  21 gnolls
  8 adders
  2 naga simulacra (IceCv)
  A river rat (D:10)
  4 white imps
  3 ufetubi
  5 adder skeletons
  A worm (D:3)
  A dart slug (D:1)
  9 leopard geckos
  71 orcs
  A ball python (D:5)
  11 bats
  5 giant cockroaches
  14 goblins
  20 hobgoblins
  12 jackals
  4 quokkas
  7 frilled lizards
  6 goblin zombies (Ossuary)
  2 hobgoblin zombies (Ossuary)
  21 kobolds
  A quokka skeleton (D:5)
  7 rats
615 creatures vanquished.

Vanquished Creatures (collateral kills)
  A hydra (Lair:6)
  A boulder beetle (Lair:5)
  A two-headed ogre (D:12)
  3 death yaks
  Urug (Lair:5)
  An oklob plant (Lair:4)
  An ugly thing (D:12)
  3 cyclopes
  Maurice (D:12)
  Joseph (D:8)
  5 elephants (Lair:5)
  An ice statue (IceCv)
  3 cane toads
  2 rime drakes
  A komodo dragon (Lair:6)
  A queen bee (Lair:3)
  6 blink frogs
  2 slime creatures (D:12)
  4 hogs (Lair:4)
  5 yaks
  A steam dragon (Lair:4)
  A water moccasin (Lair:5)
  An orc warrior (D:6)
  2 black bears (Lair:6)
  3 ice beasts
  An ogre (D:12)
  2 bullfrogs (Lair:5)
  9 big kobolds (D:11)
  2 howler monkeys
  An electric eel (Lair:1)
  A bullfrog zombie (D:8)
  2 hounds
  A bullfrog skeleton (D:11)
  A hell rat (D:10)
  A gnoll (D:7)
  2 white imps (Lair:3)
  An orc (D:6)
  A kobold (D:11)
  A bush (Lair:4)
78 creatures vanquished.

Vanquished Creatures (others)
  40 fungi
  39 plants
79 creatures vanquished.

Grand Total: 772 creatures vanquished

Notes
Turn   | Place    | Note
-------+----------+-------------------------------------------
     0 | D:1      | buriedalive the Deep Elf Ice Elementalist began the quest
                  | for the Orb.
     0 | D:1      | Reached XP level 1. HP: 10/10 MP: 6/6
   107 | D:1      | Reached XP level 2. HP: 15/15 MP: 6/8
   896 | D:2      | Reached skill level 5 in Ice Magic
   896 | D:2      | Reached XP level 3. HP: 18/19 MP: 7/9
  1327 | D:2      | Learned a level 3 spell: Frozen Ramparts
  1331 | D:2      | Learned a level 3 spell: Ozocubu's Armour
  1542 | D:2      | Noticed Robin
  1686 | D:2      | Reached XP level 4. HP: 6/24 MP: 7/10
  1990 | D:2      | Found a snail-covered altar of Cheibriados.
  2010 | D:2      | Killed Robin
  3078 | D:4      | Reached XP level 5. HP: 25/28 MP: 7/11
  3127 | D:4      | Found a staircase to the Ecumenical Temple.
  3153 | Temple   | Entered the Ecumenical Temple
  3334 | Temple   | Became a worshipper of Ashenzari the Shackled
  3361 | D:4      | Gained mutation: Armour fits poorly on your strangely
                  | shaped body. [potion of mutation]
  3361 | D:4      | Gained mutation: Your flesh is cold resistant. (rC+)
                  | [potion of mutation]
  3361 | D:4      | Gained mutation: Your system is resistant to poisons.
                  | (rPois) [potion of mutation]
  3361 | D:4      | Gained mutation: You expend magic power (3 MP) to
                  | strengthen your wands. [potion of mutation]
  3373 | D:4      | Lost mutation: Your flesh is cold resistant. (rC+) [potion
                  | of mutation]
  3373 | D:4      | Lost mutation: You expend magic power (3 MP) to strengthen
                  | your wands. [potion of mutation]
  3373 | D:4      | Gained mutation: You are partially covered in rugged brown
                  | scales. (AC +1, +3% HP) [potion of mutation]
  3373 | D:4      | Gained mutation: You have a pair of small horns on your
                  | head. [potion of mutation]
  3373 | D:4      | Gained mutation: You are partially covered in slimy green
                  | scales. (AC +2) [potion of mutation]
  3400 | D:4      | Found Zuagh's Armour Boutique.
  3403 | D:4      | Bought a +0 pair of gloves for 54 gold pieces
  3496 | D:4      | Reached skill level 5 in Dodging
  3823 | D:4      | Reached XP level 6. HP: 25/32 MP: 9/12
  4044 | D:5      | Entered Level 5 of the Dungeon
  4080 | D:5      | Found a runed translucent door.
  4147 | D:5      | Noticed an orc warrior
  4157 | D:5      | Killed an orc warrior
  4158 | D:5      | Reached XP level 7. HP: 35/37 MP: 0/13
  4345 | D:5      | Found a roughly hewn altar of Beogh.
  4941 | D:5      | Reached XP level 8. HP: 21/42 MP: 16/16
  5417 | D:5      | Reached skill level 5 in Spellcasting
  5438 | D:5      | Learned a level 4 spell: Summon Ice Beast
  5705 | D:6      | Found a sand-covered staircase.
  5712 | Ossuary  | Entered an ossuary
  5903 | Ossuary  | Reached skill level 1 in Summonings
  6612 | D:6      | Noticed Eustachio
  6651 | D:6      | Killed Eustachio
  6758 | D:6      | Found a transporter.
  7058 | D:6      | Found Weqeob's Jewellery Emporium.
  7070 | D:6      | Reached * piety under Ashenzari
  7161 | D:6      | Reached XP level 9. HP: 32/46 MP: 12/18
  7303 | D:6      | Found a transporter.
  7340 | D:6      | Noticed Dowan
  7346 | D:6      | Reached skill level 10 in Dodging
  7346 | D:6      | Reached skill level 5 in Summonings
  7356 | D:6      | Killed Dowan
  7416 | D:6      | Noticed Duvessa
  7427 | D:6      | Killed Duvessa
  8431 | D:7      | Reached skill level 1 in Fighting
  8595 | D:7      | Found a sacrificial altar of Ru.
  8596 | D:7      | Found a hazy altar of Hepliaklqana.
  8753 | D:7      | Noticed Pikel
  8763 | D:7      | Killed Pikel
  8764 | D:7      | Reached skill level 2 in Fighting
  8797 | D:7      | Reached skill level 3 in Fighting
  8858 | D:7      | Found Ulluj's Distillery.
  9330 | D:8      | Noticed Joseph
  9358 | D:8      | Killed Joseph
  9362 | D:8      | Reached XP level 10. HP: 43/57 MP: 10/19
  9464 | D:8      | Reached skill level 4 in Fighting
  9596 | D:8      | Killed an unseen horror
 10006 | D:8      | Noticed Grum
 10010 | D:8      | Killed Grum
 10016 | D:8      | Reached skill level 5 in Fighting
 10142 | D:8      | Found Fehek's Assorted Antiques.
 10152 | D:8      | Bought a potion of heal wounds for 145 gold pieces
 10293 | D:8      | Reached ** piety under Ashenzari
 10769 | D:9      | Noticed Harold
 10963 | D:9      | Noticed Maggie
 11150 | D:9      | Found an ornate altar of the Wu Jian Council.
 11744 | D:9      | Killed Harold
 11844 | D:9      | Killed Maggie
 11845 | D:9      | Reached skill level 6 in Fighting
 11934 | D:10     | Entered Level 10 of the Dungeon
 11958 | D:10     | Noticed a death yak
 12357 | D:10     | Noticed a two-headed ogre
 12367 | D:10     | Killed a two-headed ogre
 12368 | D:10     | Reached XP level 11. HP: 65/65 MP: 17/24
 12806 | D:10     | Noticed a death yak
 12808 | D:10     | Noticed a death yak
 12838 | D:11     | Noticed a two-headed ogre
 13025 | D:11     | Found a flagged portal.
 13047 | Bailey   | Entered a bailey
 13475 | Bailey   | Noticed an orc knight
 13494 | Bailey   | Killed an orc knight
 13524 | Bailey   | Reached skill level 9 in Fighting
 13524 | Bailey   | Reached XP level 12. HP: 79/79 MP: 15/26
 13703 | D:11     | Reached skill level 10 in Fighting
 13888 | D:11     | Reached *** piety under Ashenzari
 13945 | D:11     | Killed a two-headed ogre
 14008 | D:11     | Paralysed by a hornet for 1 turns
 15037 | D:12     | Reached skill level 10 in Ice Magic
 15341 | D:12     | Noticed Maurice
 15354 | D:12     | Killed Maurice
 15415 | D:12     | Found a staircase to the Orcish Mines.
 15467 | D:12     | Reached skill level 11 in Fighting
 15481 | D:12     | Noticed a two-headed ogre
 15490 | D:12     | Killed a two-headed ogre
 15534 | D:12     | Noticed a two-headed ogre
 15543 | D:12     | Killed a two-headed ogre
 15655 | D:12     | Noticed a two-headed ogre
 15663 | D:12     | Killed a two-headed ogre
 15734 | D:12     | Found Tosy's Book Emporium.
 15745 | D:12     | Bought a book of Necromancy for 420 gold pieces
 15750 | D:12     | Learned a level 4 spell: Animate Dead
 15773 | D:12     | Found a runed translucent door.
 15775 | D:12     | Found a shimmering altar of Xom.
 15775 | D:12     | Noticed Eryximachus's ghost (journeyman OpEE)
 16149 | D:10     | Killed a death yak
 16149 | D:10     | Killed a death yak
 16150 | D:10     | Reached XP level 13. HP: 85/86 MP: 9/27
 16498 | D:10     | Found a staircase to the Lair.
 16747 | Lair:1   | Entered Level 1 of the Lair of Beasts
 17605 | Lair:1   | Reached **** piety under Ashenzari
 17745 | Lair:1   | Learned a level 5 spell: Agony
 17942 | Lair:1   | Reached skill level 5 in Necromancy
 18991 | Lair:2   | Reached skill level 12 in Fighting
 19238 | Lair:2   | Identified the +2 chain mail of Philately {rC+ Dex+3}
 19924 | Lair:2   | Reached ***** piety under Ashenzari
 20011 | Lair:3   | Found a staircase to the Swamp.
 20149 | Lair:3   | Found a frozen archway.
 20177 | IceCv    | Entered an ice cave
 20503 | IceCv    | Learned a level 4 spell: Hailstorm
 21461 | IceCv    | Reached skill level 1 in Conjurations
 22427 | IceCv    | Identified the +5 leather armour of Restlessness {rC+ rCorr
                  | Int+4}
 24106 | Lair:3   | Reached skill level 5 in Conjurations
 24300 | Lair:3   | Reached skill level 13 in Fighting
 24471 | Lair:4   | Found a staircase to the Snake Pit.
 25150 | Lair:4   | Reached XP level 14. HP: 89/96 MP: 7/28
 26267 | Lair:5   | Noticed Kirke
 26649 | Lair:5   | Killed Kirke
 26757 | Lair:5   | Noticed Urug
 26817 | Lair:5   | Killed Urug
 27322 | Lair:5   | Noticed Sonja
 27943 | Lair:5   | Learned a level 3 spell: Vampiric Draining
 28272 | Lair:5   | Killed Sonja
 28509 | Lair:5   | Identified a scroll of acquirement
 28510 | Lair:5   | Acquired the cursed ring "Ceeddiphi" {Will+ MP+9 Str+4}
 29094 | Lair:6   | Entered Level 6 of the Lair of Beasts
 29101 | Lair:6   | Reached skill level 10 in Necromancy
 29109 | Lair:6   | Reached skill level 14 in Fighting
 29503 | Lair:6   | Found a viscous altar of Jiyva.
 29503 | Lair:6   | Found a staircase to the Slime Pits.
 30537 | Lair:6   | Reached skill level 1 in Armour
 31956 | Lair:6   | HP: 1/98 [death yak (11)]
 31957 | Lair:6   | Mangled by a death yak

Illustrated notes

Levels and vault maps discovered:
D:1:      arrival_zaba_pyramid, layout_rooms
D:2:      layout_basic, overflow_temple_1_default, uniq_robin
D:3:      layout_rooms
D:4:      layout_basic, minmay_temple_entry_stoned_glass, serial_shops,
          nicolae_shop_behind_doors, grunt_decor_fettered
D:5:      corexii_shack_village, layout_cave_pools, hangedman_decor_lopped,
          lightli_church_of_beogh
D:6:      gammafunk_cloud_chamber, layout_basic, serial_shops, shop,
          chequers_ossuary_entry_cave, minmay_quadrilaterals, uniq_duvessa,
          uniq_eustachio
D:7:      layout_basic, gammafunk_temple_overflow_pools, serial_shops,
          nicolae_shop_crystal, grunt_decor_mini_mirrors, uniq_pikel
D:8:      minmay_cornered_nines, layout_basic, serial_shops, nicolae_shop_stone,
          uniq_joseph, uniq_grum
D:9:      layout_long_grid, general_overflow_altar, uniq_harold, uniq_maggie
D:10:     layout_roguey, dpeg_lair_monsters, kennysheep_generic_room_4
D:11:     layout_gridville, special_room [special_room_kobold], enter_bailey_2
D:12:     layout_gridville, orc_0_dummy, serial_shops, shop, ebering_ghost_xom,
          uniq_maurice
D:13:     minmay_connected_boxes_in_corner, layout_rooms,
          lightli_vaults_fourway_checkpoint, uniq_josephine
Temple:   regret_index_temple_mists
Lair:1:   layout_gridlike, grunt_megastairs_5, minmay_lair_oklob_chamber
Lair:2:   layout_layer_cave
Lair:3:   layout_concentric_octagons, swamp_mist, special_room
          [special_room_bee], portal_ice_cave_entry_ice_beasts, ice2_lemuel,
          infiniplex_staircase_pool
Lair:4:   layout_roguey, guppyfry_snake_entry_garden, minmay_lair_oklob_bushes
Lair:5:   layout_cave_pods, grunt_megastairs_4, uniq_kirke, uniq_sonja,
          uniq_urug
Lair:6:   grunt_lair_end_beastmaster, layout_small_grid, slime_altar_1

Skill      XL: |  1  2  3  4  5  6  7  8  9 10 11 12 13 14 |
---------------+-------------------------------------------+-----
Dodging        | 3 4 5 6 7 9 11 13 | 13.6
Ice Magic      | 5 6 7 8 11 | 11.1
Spellcasting   | 4 5 7 8 |  8.0
Summonings     | 4 6 |  6.0
Fighting       | 3 6 9 11 13 14 | 14.4
Necromancy     | 2 6 11 | 11.0
Conjurations   | 5 |  5.6
Armour         | 1 |  1.7
Stealth        | |  2.4

Action                   |  1- 3 |  4- 6 |  7- 9 | 10-12 | 13-15 || total
-------------------------+-------+-------+-------+-------+-------++-------
Melee: Unarmed           |     2 |       |       |       |       ||     2
       Dagger            |    50 |   104 |    19 |       |       ||   173
       Headbutt          |       |     9 |    41 |    32 |    88 ||   170
       Falchion          |       |       |   138 |       |       ||   138
       Short sword       |       |       |    75 |   261 |   339 ||   675
       Staff             |       |       |       |     1 |   209 ||   210
Throw: Dart              |       |     2 |     8 |    15 |     3 ||    28
       Stone             |       |       |       |     8 |     1 ||     9
 Cast: Freeze            |    53 |    21 |    12 |    53 |   202 ||   341
       Frozen Ramparts   |       |    15 |    38 |    55 |   107 ||   215
       Ozocubu's Armour  |       |     5 |    26 |    35 |    81 ||   147
       Summon Ice Beast  |       |       |    13 |    30 |    90 ||   133
       Animate Dead      |       |       |       |       |    14 ||    14
       Agony             |       |       |       |       |    11 ||    11
       Hailstorm         |       |       |       |       |     2 ||     2
Invok: Curse Item        |       |     3 |       |     2 |     5 ||    10
  Use: Potion            |       |     3 |     2 |     3 |     5 ||    13
       Scroll            |       |    12 |     7 |    11 |    13 ||    43
 Stab: Sleeping          |     4 |     3 |     8 |     4 |     5 ||    24
       Distracted        |       |       |     2 |     2 |     4 ||     8
       Petrified         |       |       |       |       |     1 ||     1
Armor: Robe              |    29 |    32 |    43 |    72 |   237 ||   413
       Leather armour    |       |       |       |       |    23 ||    23
       Skin              |       |       |       |       |     5 ||     5
Dodge: Dodged            |    80 |    74 |   191 |   423 |  1150 ||  1918
Block: Other             |       |    11 |    49 |    58 |       ||   118
       Reflection        |       |       |     2 |     7 |       ||     9
       Rpst.: Falchion   |       |       |    29 |       |       ||    29
